 Dungeon Crawl Stone Soup version 0.19.0-19-g8c6edcc (console) character file.

43616 Kloppie the Bludgeoner (level 13, 0/163 HPs)
             Began as a Demonspawn Berserker on Nov 13, 2016.
             Was the Champion of Trog.
             Slain by a sun demon (6 damage)
             ... summoned by an orc high priest
             ... on level 2 of the Orcish Mines.
             The game lasted 00:31:09 (16699 turns).

Kloppie the Bludgeoner (Demonspawn Berserker)      Turns: 16699, Time: 00:31:10

Health: 0/163      AC:  8    Str: 20    XL:     13   Next: 91%
Magic:  4/4        EV: 13    Int:  8    God:    Trog [******]
Gold:   1238       SH:  6    Dex: 19    Spells: 0 memorised, 12 levels left

rFire  + . .     SeeInvis .     a - +9 dire flail (antimagic)
rCold  + + +     Gourm    .     j - +1 plate armour {rF+}
rNeg   + . .     Faith    .     (shield currently unavailable)
rPois  +         Spirit   .     B - +1 hat
rElec  .         Reflect  .     G - +0 cloak
rCorr  +         Harm     .     w - +1 pair of gloves of Gueqeonu {rN+ Regen+}
MR     .....                    s - +2 pair of boots of Filth {rPois rC+++ Str-5 Dex-2}
Stlth  ..........               (no amulet)
                                (no ring)
                                q - ring of resist corrosion

@: agile, berserking, weakened, corroded, very quick
A: hooves 2, large bone plates 2, powered by death 1, powered by pain 2
a: Berserk, Trog's Hand, Brothers in Arms, Burn Spellbooks, Renounce Religion


You were on level 2 of the Orcish Mines.
You worshipped Trog.
Trog was exalted by your worship.
You were hungry.

You visited 3 branches of the dungeon, and saw 19 of its levels.

You collected 1618 gold pieces.
You spent 380 gold pieces at shops.

Inventory:

Hand Weapons
 a - a +9 antimagic dire flail (weapon)
 b - a +4 antimagic morningstar
 o - a +3 great mace of crushing
 E - a +3 flail of venom
Armour
 j - a +1 plate armour of fire resistance (worn)
 s - the +2 pair of boots of Filth (worn) {rPois rC+++ Str-5 Dex-2}
   (You bought it in a shop on level 1 of the Orcish Mines)

   It affects your strength (-5).
   It affects your dexterity (-2).
   It renders you almost immune to cold.
   It protects you from poison.
 w - the +1 pair of gloves of Gueqeonu (worn) {rN+ Regen+}
   (You found it on level 11 of the Dungeon)

   It protects you from negative energy.
   It increases your rate of regeneration.
 B - a +1 hat (worn)
 G - a +0 cloak (worn)
Jewellery
 g - an uncursed ring of ice
 q - a ring of resist corrosion (left hand)
 D - a +5 ring of intelligence
Wands
 C - a wand of digging (15/24)
Scrolls
 d - 2 scrolls of recharging
 e - 7 scrolls of magic mapping
 i - 2 scrolls of enchant armour
 r - 11 scrolls of remove curse
 y - 5 scrolls of enchant weapon
 A - 3 scrolls of teleportation
 H - 4 scrolls of identify
 K - 2 scrolls of blinking
Potions
 k - a potion of resistance
 m - 2 potions of might
 n - 4 potions of flight
 p - 10 potions of curing
 z - 2 potions of cancellation
Comestibles
 c - 12 bread rations
 h - 2 fruits
 l - a beef jerky
 v - 2 slices of pizza
 L - 2 royal jellies


   Skills:
 - Level 12.8 Fighting
 + Level 15.2 Maces & Flails
 + Level 11.3 Armour
 - Level 1.7 Dodging


You had 12 spell levels left.
You didn't know any spells.

Dungeon Overview and Level Annotations

Branches:
Dungeon (12/15)            Temple (0/1) D:5            Lair (5/6) D:10
  Swamp (0/4) Lair:4       Spider (0/4) Lair:2          Orc (2/2) D:9
    Elf (0/3) Orc:2
  Slime: Lair:5-6

Altars:
Ashenzari
Dithmenos
Fedhas
Kikubaaqudgha
Makhleb
Nemelex Xobeh
Qazlal
Ru
Sif Muna
Trog
Uskayaw
Zin

Shops:
D:5 *   D:7 (   D:10 :   Orc:1 [

Annotations:
D:5 1 runed door


Innate Abilities, Weirdness & Mutations

You have hoof-like feet.
You are mostly covered in large bone plates. (SH +6)
You regenerate a little health from kills.
You sometimes gain power by taking damage.


Message History

You barely miss the orc high priest.
The orc high priest is moderately wounded.
The soul eater hits you but does no damage.
You block the orange demon's attack.
The orange demon hits you but does no damage.
You hit the orc high priest.
The orc high priest is moderately wounded.
You block the sun demon's attack.
The red devil hits you from afar with a trident!
* * * LOW HITPOINT WARNING * * *
The rust devil hits you. The rust devil corrodes you!
The orc sorcerer points at you and mumbles some strange words.
You resist with some effort.
You closely miss the orc high priest.
The orc high priest is moderately wounded.
The orc high priest hits you but does no damage.
The orc sorcerer wildly gestures.
The orc sorcerer's hands start to glow.
You block the soul eater's attack. The sun demon hits you.
You die...

..........#............###.#.#.
...........#>##.....#...#......
[[.............##.#......#.#.#
)#..............##.........#.###
<[........#....####...##.......##
[[........#.....# ##...##........
.(............<.## ##.##.........
...............4.###...##........
....#..........3@o###.#####....#.
.#.####......#.3o4########.......
.... .......4.ooo4.oo44oo......
..... .....###############o.....
.#..## ....# ##..... ...# ##).#.
#.o.. #ยง... #))4.


You could see a soul eater, an orc high priest, a sun demon, an orange demon, a
rust devil, 3 orc sorcerers, 2 red devils and an orc warrior.

Vanquished Creatures
  Gastronok (D:8)
  The ghost of Kloppie the Basher, a journeyman DrBe of Trog (Orc:1)
  Josephine (D:10)
  The ghost of max the Warrior, a journeyman MiMo of Hepliaklqana (Lair:2)
  Harold (Orc:1)
  Erolcha (D:12)
  2 hydras
  Nergalle (D:10)
  An unseen horror (D:11)
  A swamp dragon (Lair:4)
  2 hill giants (D:10)
  Pikel (D:9)
  A cyclops (D:11)
  2 wolf spiders (Lair:2)
  An ugly thing (D:11)
  10 oklob plants (Lair:4)
  A manticore (D:12)
  3 black mambas
  A gargoyle (D:11)
  Psyche (D:8)
  6 spiny frogs
  10 komodo dragons
  A rime drake (Lair:3)
  The ghost of max the Skirmisher, an amateur MiFi (D:4)
  2 trolls (D:9)
  A jumping spider (Lair:2)
  A hornet (D:12)
  A two-headed ogre (D:10)
  9 blink frogs
  6 slime creatures (D:12)
  6 hippogriffs
  A redback (Lair:2)
  5 wraiths
  A wyvern (D:10)
  A spriggan (D:8)
  22 yaks
  3 hungry ghosts
  3 basilisks
  Menkaure (D:4)
  A warg (Orc:1)
  A mottled dragon (D:10)
  10 water moccasins
  7 porcupines
  5 ice beasts
  8 orc warriors
  A phantom (D:6)
  A black bear (D:7)
  A hornet zombie (D:9)
  Purgy (D:3)
  A slave (D:9)
  2 eyes of draining
  10 wolves
  8 ogres
  A necrophage (D:12)
  9 centaurs
  14 crocodiles
  2 big kobolds
  9 bullfrogs
  A water moccasin zombie (D:6)
  3 scorpions
  15 killer bees
  3 howler monkeys
  11 electric eels
  A centaur zombie (D:12)
  5 crimson imps
  2 bullfrog zombies
  2 jellies (D:5)
  9 orc priests
  10 hounds
  3 iron imps (D:6)
  2 bullfrog skeletons
  4 centaur skeletons
  16 orc wizards
  9 iguanas
  5 worker ants
  Terence (D:3)
  A killer bee zombie (D:7)
  7 gnolls
  13 adders
  4 river rats (D:3)
  4 shadow imps
  An ooze (D:1)
  An adder skeleton (D:4)
  5 worms
  A dart slug (D:1)
  5 leopard geckos
  57 orcs
  4 ball pythons
  6 giant cockroaches
  12 goblins
  11 hobgoblins
  6 jackals
  26 kobolds
  4 quokkas
  13 bats
  9 frilled lizards
  2 giant cockroach zombies (D:1)
  7 rats
  A rat zombie (D:7)
  5 plants (Lair:4)
514 creatures vanquished.

Vanquished Creatures (others)
  2 slaves (D:9)
  An ogre (D:9)
  A killer bee (D:10)
  2 orc wizards (Orc:2)
  A frilled lizard (Lair:4)
  3 kobolds (D:9)
  A fungus (Lair:3)
  A plant (Lair:2)
12 creatures vanquished.

Grand Total: 526 creatures vanquished

Notes
Turn   | Place    | Note
-------+----------+-------------------------------------------
     0 | D:1      | Kloppie the Demonspawn Berserker began the quest for the Orb.
     0 | D:1      | Reached XP level 1. HP: 18/18 MP: 1/1
    87 | D:1      | Reached skill level 3 in Maces & Flails
    87 | D:1      | Gained mutation: You sometimes gain a little power by taking damage. [demonic ancestry]
    87 | D:1      | Reached XP level 2. HP: 24/24 MP: 2/2
   550 | D:1      | Reached ** piety under Trog
   554 | D:1      | Reached XP level 3. HP: 21/29 MP: 3/3
  1116 | D:2      | Found a faded altar of an unknown god.
  1155 | D:2      | Found a shadowy altar of Dithmenos.
  1155 | D:2      | Found a shattered altar of Ashenzari.
  1158 | D:2      | Found a sacrificial altar of Ru.
  1233 | D:2      | Reached XP level 4. HP: 31/37 MP: 4/4
  1583 | D:3      | Reached *** piety under Trog
  1585 | D:3      | Reached skill level 4 in Maces & Flails
  1587 | D:3      | Noticed Purgy
  1593 | D:3      | Gained mutation: You have large cloven feet. [demonic ancestry]
  1593 | D:3      | Reached XP level 5. HP: 34/43 MP: 5/5
  1642 | D:3      | Killed Purgy
  1642 | D:3      | Reached skill level 5 in Fighting
  2033 | D:3      | Gained mutation: You regenerate a little health from kills. [demonic ancestry]
  2033 | D:3      | Reached XP level 6. HP: 45/51 MP: 6/6
  2037 | D:3      | Noticed Terence
  2044 | D:3      | Killed Terence
  2307 | D:3      | Reached skill level 5 in Maces & Flails
  2487 | D:4      | Noticed Menkaure
  2491 | D:4      | Killed Menkaure
  2527 | D:4      | Gained mutation: You sometimes gain power by taking damage. [demonic ancestry]
  2527 | D:4      | Reached XP level 7. HP: 44/58 MP: 7/7
  2920 | D:4      | Noticed max's ghost (amateur MiFi)
  2936 | D:4      | Killed max's ghost
  2936 | D:4      | Reached skill level 6 in Maces & Flails
  3269 | D:4      | Reached **** piety under Trog
  3343 | D:4      | Gained mutation: You are partially covered in large bone plates. (SH +4) [demonic ancestry]
  3343 | D:4      | Reached XP level 8. HP: 67/67 MP: 8/8
  3430 | D:5      | Entered Level 5 of the Dungeon
  3443 | D:5      | Found a staircase to the Ecumenical Temple.
  3967 | D:5      | Found a runed door.
  4163 | D:5      | Found Ajigeot's Assorted Antiques.
  4169 | D:5      | Bought a lumpy ruby potion for 25 gold pieces
  4169 | D:5      | Bought a black potion for 25 gold pieces
  4169 | D:5      | Bought a scroll of identify for 56 gold pieces
  4169 | D:5      | Bought a scroll of identify for 56 gold pieces
  4198 | D:5      | Reached skill level 7 in Maces & Flails
  4919 | D:6      | Found a sparkling altar of Nemelex Xobeh.
  5038 | D:6      | Found a burning altar of Makhleb.
  5181 | D:7      | Reached skill level 8 in Maces & Flails
  5224 | D:7      | Found a deep blue altar of Sif Muna.
  5259 | D:7      | Found Edoqin's Antique Weapon Shop.
  5305 | D:7      | Reached XP level 9. HP: 47/74 MP: 9/9
  5392 | D:7      | Found an ancient bone altar of Kikubaaqudgha.
  5441 | D:7      | Reached ***** piety under Trog
  5850 | D:7      | Reached skill level 5 in Armour
  6030 | D:7      | Reached skill level 9 in Maces & Flails
  6046 | D:7      | Received a gift from Trog
  6155 | D:8      | Noticed Psyche
  6163 | D:8      | Killed Psyche
  6169 | D:8      | Found a stormy altar of Qazlal.
  6183 | D:8      | Found a bloodstained altar of Trog.
  6187 | D:8      | Found a glowing silver altar of Zin.
  6280 | D:8      | Reached XP level 10. HP: 79/80 MP: 1/10
  6366 | D:8      | Noticed Gastronok
  6382 | D:8      | Killed Gastronok
  6382 | D:8      | Reached skill level 10 in Maces & Flails
  6449 | D:8      | Found a blossoming altar of Fedhas.
  6574 | D:8      | Found a hide-covered altar of Uskayaw.
  6574 | D:8      | Noticed a dagger
  6574 | D:8      | Noticed a dagger
  6897 | D:9      | Noticed Pikel
  6914 | D:9      | Killed Pikel
  6914 | D:9      | Reached skill level 11 in Maces & Flails
  7125 | D:9      | Found a stormy altar of Qazlal.
  7248 | D:9      | Found a staircase to the Orcish Mines.
  7629 | D:9      | Gained mutation: You are mostly covered in large bone plates. (SH +6) [demonic ancestry]
  7629 | D:9      | Reached XP level 11. HP: 86/86 MP: 11/11
  7664 | D:10     | Entered Level 10 of the Dungeon
  8072 | D:10     | Noticed a hill giant
  8097 | D:10     | Killed a hill giant
  8404 | D:11     | Noticed a red ugly thing
  8440 | D:11     | Killed a red ugly thing
  8958 | D:11     | Killed an unseen horror
  9051 | D:11     | Reached skill level 12 in Maces & Flails
  9249 | D:11     | Got a pair of polished gloves
  9260 | D:11     | Identified the +1 pair of gloves of Gueqeonu {rN+ Regen+} (You found it on level 11 of the Dungeon)
  9344 | Orc:1    | Entered Level 1 of the Orcish Mines
  9642 | D:12     | Noticed Erolcha
  9650 | D:12     | Killed Erolcha
  9650 | D:12     | Reached skill level 10 in Fighting
 10304 | D:10     | Received a gift from Trog
 10468 | D:10     | Noticed a hill giant
 10480 | D:10     | Killed a hill giant
 10480 | D:10     | Gained mutation: You have hoof-like feet. [demonic ancestry]
 10480 | D:10     | Reached XP level 12. HP: 98/98 MP: 4/12
 10508 | D:10     | Found Qiom's Book Shop.
 10536 | D:10     | Noticed Nergalle
 10550 | D:10     | Killed Nergalle
 10703 | D:10     | Noticed Josephine
 10718 | D:10     | Killed Josephine
 10718 | D:10     | Reached skill level 13 in Maces & Flails
 10959 | D:10     | Found a staircase to the Lair.
 11344 | Lair:1   | Entered Level 1 of the Lair of Beasts
 11919 | Lair:2   | Noticed max's ghost (journeyman MiMo)
 11929 | Lair:2   | Killed max's ghost
 12300 | Lair:2   | Reached skill level 14 in Maces & Flails
 12570 | Lair:2   | Found a hole to the Spider Nest.
 12593 | Lair:2   | HP: 5/153 [poisoned by a redback]
 12595 | Lair:2   | HP: 2/102 [poisoned by a redback]
 12923 | Lair:3   | Reached XP level 13. HP: 109/109 MP: 4/13
 13475 | Lair:3   | Received a gift from Trog
 13810 | Lair:4   | Reached ****** piety under Trog
 13817 | Lair:4   | Found a staircase to the Swamp.
 14341 | Lair:4   | Reached skill level 10 in Armour
 15417 | Lair:5   | Reached skill level 15 in Maces & Flails
 15950 | Orc:2    | Entered Level 2 of the Orcish Mines
 16084 | Orc:2    | Found a staircase to the Elven Halls.
 16191 | Orc:1    | Noticed Kloppie's ghost (journeyman DrBe)
 16214 | Orc:1    | Killed Kloppie's ghost
 16332 | Orc:1    | Found a bloodstained altar of Trog.
 16477 | Orc:1    | Noticed Harold
 16490 | Orc:1    | Killed Harold
 16490 | Orc:1    | Received a gift from Trog
 16545 | Orc:1    | Found Sagol's Antique Armour Shop.
 16548 | Orc:1    | Bought a pair of faintly glowing boots for 218 gold pieces
 16553 | Orc:1    | Identified the +2 pair of boots of Filth {rPois rC+++ Str-5 Dex-2} (You bought it in a shop on level 1 of the Orcish Mines)
 16698 | Orc:2    | HP: 6/163 [red devil/trident[an orc sorcerer] (13)]
 16699 | Orc:2    | Slain by a sun demon

Skill      XL: |  1  2  3  4  5  6  7  8  9 10 11 12 13 |
---------------+----------------------------------------+-----
Maces & Flails | 3 4 5 6 8 9 11 12 14 15 | 15.2
Fighting       | 4 5 6 7 8 10 12 | 12.8
Armour         | 4 6 8 11 | 11.3
Dodging        | |  1.7

Action                   |  1- 3 |  4- 6 |  7- 9 | 10-12 | 13-15 || total
-------------------------+-------+-------+-------+-------+-------++-------
Melee: Mace              |   173 |   199 |   190 |       |       ||   562
       Kick              |       |    41 |   144 |   281 |   191 ||   657
       Flail             |       |       |   287 |   214 |       ||   501
       Morningstar       |       |       |       |   525 |    98 ||   623
       Dire flail        |       |       |       |       |   374 ||   374
Invok: Berserk           |     2 |     5 |    11 |    13 |     4 ||    35
       Trog's Hand       |       |     2 |     3 |     5 |     1 ||    11
Evoke: Wand              |       |       |       |     3 |     1 ||     4
  Use: Scroll            |       |     3 |    16 |    10 |     4 ||    33
       Potion            |       |       |     1 |     4 |       ||     5
  Eat: Chunk             |     3 |    10 |    25 |    20 |    11 ||    69
       Meat ration       |       |       |       |     4 |     1 ||     5
Armor: Scale mail        |   145 |   121 |   212 |   313 |    97 ||   888
       Animal skin       |     2 |       |       |       |       ||     2
       Plate armour      |       |       |       |       |    55 ||    55
Dodge: Dodged            |   152 |   145 |   229 |   322 |   169 ||  1017
Block: Other             |       |       |    49 |   140 |    92 ||   281
